AoeStats
← ACEvril CLUTCHvigne

Arabian Desert

509965717Analyzed
1v1 RM · 2d ago on Sep 28, 2026· 47m 21s· 2 players
Game mode
Random Map
Map size
Tiny (2 player)
Population
200
Speed
Normal
Resources
Standard
Victory
Conquest
Starting age
Dark Age
Ending age
Imperial Age
RankedLock teamsTeams togetherTeam positionsShared explorationLock speedFull tech treeHidden civsTurbo modeCheats
Victory
Defeat
🇪🇸 Huns · Spain
467
+17
🇮🇹 Franks · Italy
497
-17
Lagarto
11:36 Feudal Age
12:52 Wheelbarrow
13:00 Double-Bit Axe
13:52 Horse Collar
16:24 Town Watch
17:14 Gold Mining
21:45 Castle Age
19:56 Stone Mining
20:56 Man-at-Arms
24:36 Bloodlines
28:11 Hand Cart
32:11 Bow Saw
32:41 Gold Shaft Mining
32:08 Heavy Plow
37:18 Imperial Age
36:31 Husbandry
38:27 Cavalier
ACEvril CLUTCHvigne
3:36 Loom
12:51 Feudal Age
14:36 Wheelbarrow
13:49 Double-Bit Axe
13:57 Gold Mining
13:58 Stone Mining
15:02 Man-at-Arms
15:28 Arson
20:36 Fletching
20:47 Padded Archer Armor
25:52 Castle Age
26:39 Husbandry
27:11 Bow Saw
28:18 Hand Cart
31:45 Forging
35:42 Town Watch
38:11 Murder Holes
39:39 Gold Shaft Mining
41:58 Scale Barding Armor
42:06 Crossbowman
Connection lost

Rejoining the realm…

Still unreachable

The connection could not be restored.

Session expired

The server has moved on; the page needs a fresh start.